 Dungeon Crawl Stone Soup version bcrawl-1.38.1 (webtiles) character file.

Game seed: 6413526141480042623

8473517 petercordia3 the Eclecticist (level 24, -22/207 HPs)
             Began as an Oni Warper on Mar 22, 2023.
             Was a Priest of Uskayaw.
             Killed from afar by a tengu reaver (34 damage)
             ... with a fireball
             ... on level 3 of the Vaults on Apr 4, 2023.
             The game lasted 05:55:18 (59008 turns).

petercordia3 the Eclecticist (Oni Warper)          Turns: 59008, Time: 05:55:19

Health: -22/207    AC: 30    Str: 28    XL:     24   Next: 76%
Magic:  11/47      EV: 15    Int: 39    God:    Uskayaw [***...]
Gold:   3103       SH: 14    Dex: 10    Spells: 3/59 levels left

rFire    x . .     GDR:     33% a - +9 eveningstar (crush)
rCold    + + +     SeeInvis +   E - +3 buckler of the Trees {rElec Slay+3}
rNeg     . . .     Gourm    .   U - +1 ice dragon scales of the Secret Shrikes {rF- rC++ rCorr Int+4}
rPois    .         Faith    .   n - +1 hat {Int+3}
rElec    +         Spirit   .   l - +2 cloak {rC+}
rCorr    +         Reflect  +   r - +2 pair of gloves {Str+3}
MR       +++..                  s - +2 pair of boots {run}
Stlth    ..........             c - amulet "Ziotwas" {Reflect Str+3 Int+4 SH+4}
HPRegen  0.44/turn              M - ring "Unweggen" {Wiz rC- MR+ Int+4 SInv, =R}
MPRegen  0.30/turn              B - ring of Maxoacoq {rC+ MR+ AC+4 Int+4, =R}

@: slightly contaminated, studying Unarmed Combat, quick
A: oni magic, claws 1, fangs 1, horns 1
}: 3/15 runes: decaying, barnacled, slimy
a: Stomp, Line Pass, Renounce Religion


You were on level 3 of the Vaults.
You worshipped Uskayaw.
Uskayaw was most pleased with you.
You were hungry.

You visited 11 branches of the dungeon, and saw 40 of its levels.
You visited the Abyss 1 time.
You visited 1 bazaar.
You also visited: Ice Cave and Wizlab.

You collected 5825 gold pieces.
You spent 2722 gold pieces at shops.

Inventory:

Hand Weapons
 a - a +9 eveningstar of crushing (weapon)
Missiles
 f - 7 throwing nets {=f}
 G - 1534 poisoned tomahawks (quivered)
 J - 595 tomahawks of dispersal {=f}
Armour
 l - a +2 cloak of cold resistance (worn)
 n - a +1 hat of intelligence (worn)
 r - a +2 pair of gloves of strength (worn)
 s - a +2 pair of boots of running (worn)
 E - the +3 buckler of the Trees (worn) {rElec Slay+3}
   (You bought it in a shop on level 2 of the Shoals)

   It affects your accuracy and damage with ranged weapons and melee attacks
   (+3).
   It insulates you from electricity.
 U - the +1 ice dragon scales of the Secret Shrikes (worn) {rF- rC++ rCorr Int+4}
   (You found it in a wizard's laboratory)

   It affects your intelligence (+4).
   It makes you vulnerable to fire.
   It greatly protects you from cold.
   It provides partial protection from all sources of acid and corrosion.
Magical Staves
 b - an uncursed staff of fire {!a}
 w - an uncursed staff of wizardry {!a}
 D - an uncursed staff of conjuration {!a}
Jewellery
 c - the amulet "Ziotwas" (around neck) {Reflect Str+3 Int+4 SH+4}
   (You found it on level 5 of the Pits of Slime)

   [amulet of reflection]

   It shields you and reflects attacks.
   It affects your strength (+3).
   It affects your intelligence (+4).
   It affects your SH (+4).
 g - the ring of Tuddode {EV+6 Dex+4, =R}
   (You found it on level 1 of the Shoals)

   [ring of evasion]

   It affects your evasion (+6).
   It affects your dexterity (+4).
 B - the ring of Maxoacoq (right hand) {rC+ MR+ AC+4 Int+4, =R}
   (You acquired it on level 2 of the Lair of Beasts)

   [ring of protection]

   It affects your AC (+4).
   It affects your intelligence (+4).
   It protects you from cold.
   It affects your resistance to hostile enchantments.
 M - the ring "Unweggen" (left hand) {Wiz rC- MR+ Int+4 SInv, =R}
   (You bought it in a shop in a bazaar)

   [ring of wizardry]

   It improves your spell success rate.
   It affects your intelligence (+4).
   It makes you vulnerable to cold.
   It affects your resistance to hostile enchantments.
   It lets you see invisible.
Wands
 v - a wand of paralysis (15)
 P - a wand of polymorph (32)
 W - a wand of digging (36)
 Z - a wand of iceblast (60)
Scrolls
 d - 6 scrolls of blinking
 h - 13 scrolls of teleportation
 t - 8 scrolls of immolation
 u - 21 scrolls of remove curse
 y - a scroll of silence
 z - 2 scrolls of summoning
 A - 3 scrolls of fog
 I - a scroll of magic mapping
 L - a scroll of torment
 O - 9 scrolls of fear
 X - 5 scrolls of vulnerability
Potions
 i - 16 potions of curing
 k - 3 potions of magic
 m - 3 potions of invisibility
 o - 6 potions of might
 p - 9 potions of brilliance
 q - a potion of ambrosia
 x - 2 potions of resistance
 C - 2 potions of agility
 H - 5 potions of mutation
 K - 11 potions of heal wounds
 N - 6 potions of haste
 Q - 4 potions of cancellation
 S - a potion of berserk rage
Miscellaneous
 Y - a lamp of fire
Comestibles
 e - 39 rations {!d}
 j - 2 chunks of flesh


   Skills:
 + Level 15.4 Fighting
 - Level 16.9 Maces & Flails
 + Level 6.2 Throwing
 + Level 12.8 Armour
 + Level 14.4 Dodging
 - Level 9.4 Shields
 - Level 18.0 Spellcasting
   Level 18.0 Conjurations
   Level 18.0 Hexes
   Level 18.0 Charms
   Level 18.0 Summonings
   Level 18.0 Necromancy
   Level 18.0 Translocations
   Level 18.0 Transmutations
   Level 18.0 Fire Magic
   Level 18.0 Ice Magic
   Level 18.0 Air Magic
   Level 18.0 Earth Magic
   Level 18.0 Poison Magic
 + Level 17.0 Invocations


You had 3 spell levels left.
You knew the following spells:

 Your Spells              Type           Power        Failure   Level  Hunger
a - Agony                 Necr           ########     0%          4    None
b - Blink                 Tloc           N/A          0%          2    None
c - Confuse               Hex            ########     0%          3    None
d - Lee's Rapid Deconstr  Erth           ########..   0%          5    None
e - Blink Other           Tloc           ######       0%          1    None
f - Iron Shot             Conj/Erth      ########..   1%          6    None
g - Glaciate              Conj/Ice/Air   ########..   6%          8    #####..
h - Chain Lightning       Conj/Air       ########..   4%          8    #####..
i - Ignition              Fire           ########..   1%          8    #####..
k - Apportation           Tloc           ######       0%          1    None
m - Metabolic Englaciati  Hex/Ice        ########..   1%          5    None
p - Passage of Golubria   Tloc           N/A          0%          5    None

Your spell library contained the following spells:

 Spells                   Type           Power        Failure   Level  Hunger
 Poisonous Vapours        Pois/Air       ######       0%          2    None
 Throw Frost              Conj/Ice       ######       0%          2    None
 Portal Projectile        Tloc           ######       0%          3    None
 Teleport Other           Tloc           ########     0%          3    None
 Freezing Cloud           Ice/Air        ########     1%          5    None
 Bolt of Cold             Conj/Ice       ########..   1%          6    None


Dungeon Overview and Level Annotations

Branches:
Dungeon (12/12)            Temple (1/1) D:7            Lair (6/6) D:7
  Swamp (3/3) Lair:2       Shoals (3/3) Lair:4        Slime (5/5) Lair:5
    Orc (1/1) D:11            Elf (3/3) Orc          Vaults (3/3) D:11
  Crypt (2/2) Vaults:1       Tomb (0/3) Crypt:2      Depths (1/5) D:12

Altars:
Ashenzari
Cheibriados
Dithmenos
Fedhas
Gozag
Hepliaklqana
Kikubaaqudgha
Lugonu
Makhleb
Nemelex Xobeh
Okawaru
Qazlal
Ru
Sif Muna
Trog
Uskayaw
Vehumet
Wu Jian
Xom
Yredelemnul
Jiyva

Shops:
D:5 (   D:10 *   Orc (![*[   Elf:1 *%*}   Elf:2 *   Shoals:2 [   Vaults:2 ?*

Annotations:
Swamp:1 3 runed translucent doors Orc 3 runed translucent doors, KristoblXynda's ghost, journeyman DrMo; drd's ghost, journeyman MiAc; yrara's ghost, journeyman DsFi
Vaults:2 3 runed translucent doors, exclusion: obsidian statue, zoran's ghost, adept KoBe
Vaults:3 Xtahua
Crypt:2 1 runed translucent door, zoran's ghost, adept GrMo


Innate Abilities, Weirdness & Mutations

You learn spells by gaining experience, not through books or religion.
You only train spellcasting to practice magic.
You have sharp fingernails.
You have very sharp teeth.
You have a pair of small horns on your head.


Message History

You hear a shout! x2; You hear a trumpeting!
You hear a shout! x3 11 fire vortices come into view.
No path to travel!
Blink to where?
Press: ? - help, Dir - move target cursor
As you read the scroll of blinking, it crumbles to dust.
A war gargoyle and a phantasmal warrior come into view.
The war gargoyle is wielding a +0 morningstar of holy wrath.
The fire vortex moves out of view. x3
Blink to where?
Press: ? - help, Dir - move target cursor You are lightly contaminated with residual magic.
As you read the scroll of blinking, it crumbles to dust.
An ironheart preserver comes into view. It is wielding a +0 flail.
Uskayaw will force your foes to helplessly watch your dance.
A tengu reaver comes into view.
It is wielding a +0 great sword and wearing a +3 ring mail of cold resistance.
There is an escape hatch in the ceiling here.
The tengu reaver points at you and mumbles some strange words.
The fireball explodes!
The fire burns you terribly! The fireball engulfs you!!
You die...

#....#..... #'#....#.....
###.#...%#)....
+.Q...))......
#########..))))..#####
.....†...))...........
...))).)....<<).).....
....))..)))<..<.).....
.........)..@<.%).....
###########)..)..%.).#####
...............)))).....
...........9...p)).#....
...................#.....#
..............#....#.....#
#..........W#....######.
#...........#....#
#..........§#....#


You could see an ironheart preserver, a tengu reaver, a war gargoyle and a
phantasmal warrior.

Vanquished Creatures
  the Royal Jelly (Slime:5)
  Dissolution (Slime:4)
  Mara (Elf:3)
  Gastronok (D:9)
  2 curse toes (Crypt:2)
  Nikola (Swamp:2)
  2 tentacled monstrosities
  2 liches (Crypt:2)
  A deep elf master archer (Elf:3)
  5 deep elf blademasters
  The ghost of zoran the Thaumaturge, an adept DrCj of Sif Muna (Shoals:2)
  20 acid blobs
  A tentacled starspawn (WizLab)
  6 ancient champions (Crypt:2)
  3 krakens
  2 tengu reavers
  A shadow dragon (Vaults:3)
  5 thorn hunters
  A ghoul (Crypt:2)
  4 revenants
  Agnes (Elf:2)
  3 fire giants
  The ghost of Morbidden the Basher, a journeyman EnSA of Cheibriados (Swamp:1)
  4 frost giants
  14 azure jellies
  6 vault wardens
  Aizul (Crypt:1)
  13 deep elf sorcerers
  An orc warlord (Orc)
  11 ironheart preservers
  An eye of devastation (Slime:2)
  5 stone giants
  12 very ugly things
  A curse skull (Crypt:1)
  4 deep elf elementalists (Elf:3)
  8 jiangshi
  4 vampire knights
  An elemental wellspring (Shoals:2)
  The ghost of Morbidden the Nimble, a journeyman FrAc of Cheibriados (Shoals:1)
  5 deep elf annihilators
  3 deep elf demonologists (Elf:3)
  A minotaur (shapeshifter) (Elf:1)
  2 eidola
  11 deep elf death magi
  3 ettins
  4 merfolk javelineers
  A spectral quicksilver dragon (Crypt:1)
  9 merfolk impalers
  A spectral kraken (Shoals:2)
  3 yaktaur captains
  2 mummy priests (Crypt:2)
  A deep elf high priest (Elf:3)
  Urug (D:12)
  4 fire dragons
  28 vault guards
  2 ice dragons
  3 catoblepae (Lair:6)
  5 shadow wraiths
  2 rakshasas
  3 shambling mangroves
  7 merfolk avatars
  29 hydras
  13 death oozes
  An alligator snapping turtle (Shoals:3)
  5 great orbs of eyes
  Psyche (D:9)
  2 ghost crabs (Swamp:2)
  26 dancing weapons
  7 two-headed ogres
  3 ogre magi
  8 alligators
  2 death knights (Crypt:1)
  17 death yaks
  4 merfolk aquamancers
  3 satyrs (Shoals:3)
  8 sea snakes
  3 deep troll shamans
  3 tengu warriors
  The ghost of foxfromabyss the Covert, a novice GnAc of Cheibriados (D:6)
  3 orc high priests (Orc)
  3 vampire magi
  6 deep trolls
  A deep troll earth mage (Vaults:3)
  29 deep elf knights
  3 spriggan berserkers (Swamp:3)
  Nergalle (Lair:2)
  22 centaur warriors
  A fire crab (Lair:6)
  4 soul eaters (Crypt:2)
  An iron troll (Depths:1)
  2 titan skeletons (Crypt:2)
  3 goliath frogs
  6 skeletal warriors (Crypt:2)
  A sixfirhy (WizLab)
  A hell knight (WizLab)
  A glowing orange brain (Vaults:2)
  18 deep elf archers
  A quicksilver dragon simulacrum (Crypt:2)
  An anaconda zombie (Crypt:1)
  3 flayed ghosts
  A wolf spider zombie (D:11)
  8 cyclopes
  Pikel (D:9)
  2 obsidian statues
  3 kraken simulacra
  2 necromancers
  6 phantasmal warriors (Crypt:1)
  16 swamp dragons
  An iron dragon zombie (Crypt:2)
  9 orc knights
  6 wizards
  9 harpies
  5 orc sorcerers (Orc)
  13 ironheart convokers
  3 oklob plants (Lair:6)
  A fire giant zombie (Crypt:1)
  15 manticores
  24 fauns
  7 shining eyes
  19 ugly things
  A stone giant zombie (Crypt:1)
  5 worldbinders (WizLab)
  A large abomination (WizLab)
  7 merfolk sirens
  A frost giant skeleton (WizLab)
  14 will-o'-wisps
  6 elephants (Lair:6)
  63 deep elf magi
  A stone giant skeleton (Crypt:2)
  2 black mambas
  4 water nymphs (Shoals:3)
  A smoke demon (WizLab)
  An ice statue (IceCv)
  2 storm dragon simulacra
  7 vault sentinels
  17 cane toads
  A human zombie (Vaults:2)
  3 kobold demonologists
  13 rime drakes
  9 komodo dragons
  A tengu conjurer (D:11)
  30 freezing wraiths
  18 yaktaurs
  2 ice devils (WizLab)
  12 flying skulls
  4 guardian mummies
  Maurice (D:10)
  A red devil (WizLab)
  2 anaconda simulacra (Crypt:2)
  A meliai (shapeshifter) (D:12)
  A queen ant zombie (Crypt:1)
  3 wolf spider simulacra (Crypt:2)
  3 polar bears (D:11)
  4 trolls
  9 tyrant leeches
  5 wind drakes
  13 merfolk
  Prince Ribbit (D:6)
  12 hornets
  A dream sheep (shapeshifter) (Elf:1)
  87 slime creatures
  16 blink frogs
  An ice dragon zombie (Crypt:1)
  2 meliai zombies
  16 hippogriffs
  12 bog bodies
  A harpy skeleton (D:10)
  A raiju (WizLab)
  3 frost giant simulacra
  9 snapping turtles
  13 dream sheep
  An iron dragon simulacrum (Crypt:2)
  2 stone giant simulacra (Crypt:2)
  Sigmund (D:6)
  10 spriggans
  A guardian serpent skeleton (Crypt:2)
  Grum (Lair:1)
  10 wraiths
  35 yaks
  2 shadows
  A shock serpent simulacrum (Crypt:2)
  6 air elementals
  An alligator skeleton (Crypt:1)
  8 water elementals
  4 wyverns
  4 vampires
  11 basilisks
  An ushabti (Crypt:2)
  3 fire elementals
  13 golden eyes
  14 vampire mosquitoes
  3 spatial vortices (WizLab)
  Menkaure (D:7)
  12 swamp worms
  5 hungry ghosts
  6 crocodiles
  3 wargs (Orc)
  9 water moccasins
  A hydra simulacrum (Crypt:2)
  A deep troll zombie (Crypt:1)
  A deep troll skeleton (Vaults:2)
  Duvessa (D:7)
  14 swamp drakes
  19 orc warriors
  5 porcupines
  A spectral hornet (D:6)
  7 ice beasts
  3 ice dragon simulacra (Crypt:2)
  A swamp dragon zombie (Crypt:2)
  4 slaves (D:9)
  A fire dragon simulacrum (Crypt:2)
  3 sky beasts
  A necrophage (D:8)
  An ettin simulacrum (Crypt:2)
  3 phantoms
  2 boggarts
  A black bear (shapeshifter) (Elf:3)
  11 ogres
  20 wolves
  17 bullfrogs
  A rime drake skeleton (D:10)
  An octopode zombie (Crypt:1)
  12 kobold brigands
  An elf skeleton (Crypt:1)
  A gnoll sergeant (D:7)
  4 earth elementals
  13 centaurs
  A yaktaur skeleton (WizLab)
  A wyvern skeleton (D:6)
  3 water moccasin skeletons
  Dowan (D:7)
  An elephant simulacrum (IceCv)
  2 scorpions
  6 killer bees
  A swamp dragon simulacrum (IceCv)
  A human simulacrum (Vaults:1)
  14 wights
  11 orc priests
  4 howler monkeys
  11 crimson imps
  A quasit (D:12)
  A soldier ant zombie (Crypt:2)
  5 hounds
  2 bullfrog zombies (D:8)
  2 draconian simulacra (IceCv)
  2 bullfrog skeletons
  9 jellies
  24 orc wizards
  A human skeleton (Crypt:1)
  4 iguanas
  5 spriggan simulacra (IceCv)
  7 worker ants
  4 troll simulacra
  2 wolf simulacra (IceCv)
  A porcupine skeleton (Crypt:2)
  A small abomination (WizLab)
  An ogre skeleton (Crypt:2)
  A hound zombie (D:7)
  12 mummies (Crypt:2)
  5 gnolls (D:7)
  A swamp drake zombie (Crypt:1)
  9 adders
  6 naga simulacra (IceCv)
  4 ogre simulacra
  A centaur skeleton (Crypt:2)
  3 shadow imps
  13 white imps
  A centaur simulacrum (IceCv)
  3 ufetubi (D:11)
  17 oozes
  An adder zombie (D:7)
  An adder skeleton (D:6)
  5 worms
  A barachi zombie (Crypt:2)
  6 dart slugs
  2 leopard geckos
  66 orcs
  3 giant cockroaches
  5 goblins
  6 hobgoblins
  12 jackals
  42 kobolds
  4 quokkas
  2 ball pythons (D:1)
  2 bats (D:2)
  8 frilled lizards
  A frilled lizard skeleton (Crypt:2)
  A jackal zombie (D:5)
  A kobold simulacrum (Crypt:2)
  4 rats
  A bush (D:11)
  2 fire vortices (Elf:3)
  8 plants
  11 tentacles
1815 creatures vanquished.

Vanquished Creatures (others)
  A deep elf master archer (Elf:3)
  An eldritch tentacle (WizLab)
  A war gargoyle (Vaults:3)
  A stone giant (Vaults:1)
  A yaktaur captain (Vaults:2)
  A deep elf archer (Elf:2)
  A cyclops (D:10)
  A faun (Shoals:3)
  A yaktaur (Vaults:2)
  A merfolk (Shoals:1)
  An air elemental (Elf:2)
  An orc priest (D:9)
  An orc wizard (D:9)
  An orc (D:9)
  7 briar patches
  A bush (D:11)
  2 fire vortices (Slime:3)
  12 fungi
  A lurking horror (Abyss:1)
  31 plants
  2 starspawn tentacles (WizLab)
  19 tentacles
  4 withered plants (Orc)
93 creatures vanquished.

Grand Total: 1908 creatures vanquished

Notes
Turn   | Place    | Note
-------+----------+-------------------------------------------
     0 | D:1      | petercordia3 the Oni Warper began the quest for the Orb.
     0 | D:1      | Reached XP level 1. HP: 17/17 MP: 5/5
   115 | D:1      | Reached XP level 2. HP: 15/25 MP: 7/7
   118 | D:1      | Learned a level 2 spell: Poisonous Vapours
   539 | D:1      | Reached XP level 3. HP: 19/30 MP: 3/9
   964 | D:2      | Learned a level 2 spell: Blink
  1050 | D:2      | Reached skill level 3 in Spellcasting
  1280 | D:2      | Found a sparkling altar of Nemelex Xobeh.
  1391 | D:2      | Reached XP level 4. HP: 38/38 MP: 5/10
  2482 | D:3      | Found a stormy altar of Qazlal.
  2531 | D:3      | Reached XP level 5. HP: 45/45 MP: 5/12
  2950 | D:4      | Reached skill level 4 in Spellcasting
  2985 | D:4      | Reached XP level 6. HP: 40/51 MP: 14/14
  3056 | D:3      | Learned a level 3 spell: Confuse
  3140 | D:4      | Noticed a phantom
  3160 | D:4      | Killed a phantom
  3361 | D:3      | HP: 2/52 [something (4)]
  3672 | D:4      | Reached XP level 7. HP: 55/59 MP: 3/15
  4245 | D:5      | Entered Level 5 of the Dungeon
  4362 | D:5      | Found Sezabix's Antique Weapon Shop.
  4371 | D:5      | Bought a buzzing morningstar for 234 gold pieces
  4371 | D:5      | Identified the +7 morningstar "Bexom" {venom, rPois rN+}
                  | (You bought it in a shop on level 5 of the Dungeon)
  4412 | D:5      | Reached skill level 1 in Maces & Flails
  4569 | D:5      | Noticed a hungry ghost
  4593 | D:5      | Killed a hungry ghost
  4594 | D:5      | Reached XP level 8. HP: 59/66 MP: 4/17
  4600 | D:5      | Learned a level 5 spell: Passage of Golubria
  4657 | D:5      | Reached skill level 5 in Maces & Flails
  4761 | D:5      | Reached skill level 5 in Spellcasting
  5255 | D:6      | Noticed a vampire
  5257 | D:6      | Found a transporter.
  5296 | D:6      | Noticed a wraith
  5390 | D:6      | Noticed a hippogriff
  5407 | D:6      | Reached skill level 5 in Fighting
  5407 | D:6      | Reached XP level 9. HP: 68/74 MP: 19/19
  5537 | D:6      | Noticed Prince Ribbit
  5562 | D:6      | Killed Prince Ribbit
  5630 | D:6      | Found a transporter.
  5631 | D:6      | Noticed foxfromabyss's ghost (novice GnAc)
  5643 | D:6      | Noticed Sigmund
  5649 | D:6      | Killed Sigmund
  5650 | D:6      | Reached skill level 6 in Spellcasting
  5710 | D:6      | Got a shimmering granite ring
  5712 | D:6      | Identified the ring "Nacichu" {Fire Str+3} (You found it on
                  | level 6 of the Dungeon)
  5962 | D:7      | Noticed Duvessa
  5962 | D:7      | Noticed Dowan
  5972 | D:7      | Killed Dowan
  5975 | D:7      | Killed Duvessa
  6090 | D:7      | Found a staircase to the Ecumenical Temple.
  6094 | D:7      | Noticed Menkaure
  6100 | D:7      | Killed Menkaure
  6103 | Temple   | Entered the Ecumenical Temple
  6389 | Temple   | Became a worshipper of Uskayaw the Reveler
  6569 | D:7      | Noticed a death yak
  6569 | D:7      | Noticed a death yak
  6569 | D:7      | Noticed a death yak
  6570 | D:7      | Noticed a death yak
  6573 | D:7      | Noticed a death yak
  6620 | D:7      | Reached * piety under Uskayaw
  6628 | D:6      | Reached ** piety under Uskayaw
  6629 | D:6      | Reached *** piety under Uskayaw
  6630 | D:6      | Killed a death yak
  6631 | D:6      | Reached skill level 5 in Dodging
  6631 | D:6      | Reached skill level 1 in Invocations
  6631 | D:6      | Reached XP level 10. HP: 62/81 MP: 16/21
  6636 | D:6      | Learned a level 4 spell: Agony
  6684 | D:6      | Killed a death yak
  6776 | D:7      | Noticed a death yak
  6785 | D:7      | Killed a death yak
  6798 | D:7      | Killed a death yak
  6798 | D:7      | Reached **** piety under Uskayaw
  6799 | D:7      | Reached skill level 7 in Spellcasting
  6808 | D:7      | Killed a death yak
  6809 | D:7      | Reached ***** piety under Uskayaw
  6978 | D:7      | Killed a death yak
  7101 | D:7      | Reached XP level 11. HP: 64/91 MP: 24/24
  7173 | D:7      | Found a staircase to the Lair.
  7219 | D:7      | Found a white marble altar of Elyvilon.
  7344 | D:7      | Found an opulent altar of Gozag.
  7360 | D:7      | Found a radiant altar of Vehumet.
  7364 | D:7      | Found a white marble altar of Elyvilon.
  7743 | D:8      | Reached skill level 10 in Maces & Flails
  7891 | D:8      | Noticed a green ugly thing
  7910 | D:8      | Killed a green ugly thing
  8023 | D:8      | Identified the Grimoire of Flight
  8163 | D:8      | Reached skill level 1 in Shields
  8258 | D:8      | Found a shadowy altar of Dithmenos.
  8644 | D:9      | Noticed Psyche
  8658 | D:9      | Killed Psyche
  8831 | D:9      | Reached skill level 5 in Invocations
  8943 | D:9      | Noticed Gastronok
  8951 | D:9      | Killed Gastronok
  8952 | D:9      | Reached skill level 8 in Spellcasting
  9023 | D:9      | Reached XP level 12. HP: 96/100 MP: 23/26
  9185 | D:9      | Got a crystal short sword
  9294 | D:9      | Noticed Pikel
  9315 | D:9      | Killed Pikel
  9816 | Lair:1   | Entered Level 1 of the Lair of Beasts
 10101 | Lair:1   | Got a flickering lapis lazuli ring
 10103 | Lair:1   | Identified the ring of Zejugg {Dex+2 Stlth--} (You found it
                  | on level 1 of the Lair of Beasts)
 10177 | Lair:1   | Reached skill level 1 in Armour
 10179 | Lair:1   | Noticed Grum
 10191 | Lair:1   | Killed Grum
 10697 | Lair:2   | Found a staircase to the Swamp.
 11030 | Lair:2   | Noticed Nergalle
 11040 | Lair:2   | Killed Nergalle
 11066 | Lair:2   | Identified 2 scrolls of acquirement
 11090 | Lair:2   | Identified the +8 fustibalus "Oni's Regret" {freeze,
                  | +Blink} (You acquired it on level 2 of the Lair of Beasts)
 11090 | Lair:2   | Identified the +2 buckler of Zukk {*Contam rF+ Dex+5} (You
                  | acquired it on level 2 of the Lair of Beasts)
 11090 | Lair:2   | Identified the ring of Maxoacoq {rC+ MR+ AC+4 Int+4} (You
                  | acquired it on level 2 of the Lair of Beasts)
 11096 | Lair:2   | Identified the amulet "Upnomet" {Reflect Fragile +Fly rPois
                  | Int+2 SH+3} (You acquired it on level 2 of the Lair of
                  | Beasts)
 11105 | Lair:2   | Learned a level 5 spell: Metabolic Englaciation
 11181 | Lair:2   | Identified the amulet "Peanosud" {Acrobat rElec} (You
                  | acquired it on level 2 of the Lair of Beasts)
 11181 | Lair:2   | Identified a +0 pair of boots of running (You acquired it
                  | on level 2 of the Lair of Beasts)
 11943 | Lair:3   | Noticed a four-headed hydra
 11950 | Lair:3   | Killed a four-headed hydra
 12865 | Lair:4   | Reached XP level 13. HP: 95/107 MP: 27/27
 13004 | Lair:3   | Reached skill level 9 in Spellcasting
 13163 | Lair:4   | Found a staircase to the Shoals.
 14181 | Lair:5   | Found a viscous altar of Jiyva.
 14424 | Lair:5   | Found a staircase to the Slime Pits.
 15633 | D:10     | Entered Level 10 of the Dungeon
 15633 | D:10     | Found Epsiaryi's General Store.
 15636 | D:10     | Bought a potion of heal wounds for 55 gold pieces
 15636 | D:10     | Bought a throwing net for 33 gold pieces
 15714 | D:9      | Learned a level 5 spell: Lee's Rapid Deconstruction
 15959 | D:10     | Noticed Maurice
 15977 | D:10     | Reached skill level 5 in Shields
 16111 | D:10     | Killed Maurice
 16663 | D:10     | Reached XP level 14. HP: 118/118 MP: 15/29
 17561 | D:11     | Found a frozen archway.
 17838 | IceCv    | Entered an ice cave
 18539 | IceCv    | Found an ancient bone altar of Kikubaaqudgha.
 18729 | IceCv    | Reached skill level 10 in Spellcasting
 19316 | D:11     | Reached skill level 5 in Armour
 19565 | D:11     | Found a staircase to the Orcish Mines.
 20620 | D:11     | Found a gate to the Vaults.
 20638 | D:11     | Reached XP level 15. HP: 126/126 MP: 22/31
 21585 | Lair:6   | Entered Level 6 of the Lair of Beasts
 21748 | Lair:6   | Reached skill level 10 in Fighting
 22137 | Lair:6   | Reached ****** piety under Uskayaw
 22220 | Lair:6   | Reached skill level 10 in Invocations
 23319 | Lair:6   | Reached skill level 15 in Maces & Flails
 23672 | Lair:6   | Identified Werirgh's Almanac of the Enchanting Snowflakes
 23916 | Orc      | Entered the Orcish Mines
 23916 | Orc      | Found Acaehon's Antique Armour Boutique.
 23950 | Orc      | Reached XP level 16. HP: 94/135 MP: 26/32
 24070 | Orc      | Found a staircase to the Elven Halls.
 24162 | Orc      | Found a burning altar of Makhleb.
 24191 | Orc      | Found a runed translucent gate.
 24191 | Orc      | Found a runed translucent gate.
 24191 | Orc      | Found a runed translucent gate.
 24191 | Orc      | Noticed KristoblXynda's ghost (journeyman DrMo)
 24191 | Orc      | Noticed yrara's ghost (journeyman DsFi)
 24192 | Orc      | Noticed drd's ghost (journeyman MiAc)
 24221 | Orc      | Reached skill level 11 in Spellcasting
 25013 | Orc      | Found Biggoob's Antique Armour Emporium.
 25013 | Orc      | Found Numpuacs's Assorted Antiques.
 25080 | Orc      | Found Yhusahi's Antique Weapon Emporium.
 25080 | Orc      | Found Qilurhu's Distillery.
 25092 | Orc      | Bought a scroll labeled CAAPIRCH CASO for 34 gold pieces
 25216 | Orc      | Bought a distressingly furry chain mail for 342 gold pieces
 25216 | Orc      | Identified the cursed +1 chain mail of Awadulil {rElec MR+,
                  | pickup} (You bought it in a shop in the Orcish Mines)
 25217 | Orc      | Upgraded the game from bcrawl-1.38b to bcrawl-1.38.1
 25602 | D:6      | Killed foxfromabyss's ghost
 25785 | D:12     | Entered Level 12 of the Dungeon
 26028 | D:12     | Noticed Urug
 26037 | D:12     | Killed Urug
 26186 | D:12     | Found a staircase to the Depths.
 26398 | D:12     | Reached skill level 10 in Dodging
 26676 | Vaults:1 | Entered Level 1 of the Vaults
 28195 | Vaults:1 | Reached XP level 17. HP: 97/144 MP: 34/34
 28629 | Vaults:1 | Found a staircase to the Crypt.
 28986 | Vaults:2 | Got a smouldering buckler
 28987 | Vaults:2 | Identified the cursed -1 buckler of the Volcano {+Blink rC+
                  | MR- Int+2 Stlth+} (You found it on level 2 of the Vaults)
 30391 | Vaults:2 | Reached skill level 12 in Spellcasting
 30553 | Vaults:2 | Reached XP level 18. HP: 134/152 MP: 12/36
 30761 | Vaults:2 | Found a runed translucent gate.
 30763 | Vaults:2 | Found a runed translucent gate.
 30763 | Vaults:2 | Found an opulent altar of Gozag.
 30764 | Vaults:2 | Found a runed translucent gate.
 30766 | Vaults:2 | Found Gipnikke's Assorted Antiques.
 30766 | Vaults:2 | Noticed zoran's ghost (adept KoBe)
 30870 | Vaults:2 | Found Ulyerr's Magic Scroll Shop.
 31143 | Vaults:2 | Learned a level 6 spell: Iron Shot
 31479 | Swamp:1  | Entered Level 1 of the Swamp
 31484 | Swamp:1  | Noticed Morbidden's ghost (journeyman EnSA)
 31488 | Swamp:1  | Found a runed translucent gate.
 31488 | Swamp:1  | Found a runed translucent gate.
 31488 | Swamp:1  | Found a runed translucent gate.
 32268 | Swamp:1  | Found a white marble altar of Elyvilon.
 33386 | Swamp:2  | Noticed Nikola
 33397 | Swamp:2  | Killed Nikola
 34346 | Swamp:3  | Entered Level 3 of the Swamp
 35394 | Swamp:1  | Reached XP level 19. HP: 161/161 MP: 17/37
 35413 | Lair:2   | Learned a level 5 spell: Freezing Cloud
 35590 | Depths:1 | Entered Level 1 of the Depths
 35836 | Swamp:1  | Killed Morbidden's ghost
 36704 | Swamp:3  | Reached skill level 13 in Spellcasting
 36738 | Swamp:3  | Got a decaying rune of Zot
 36800 | Swamp:3  | Identified the +6 quarterstaff "Banisher" {drain, MR+ MP+9
                  | Int-4 Dex+4, pickup} (You found it on level 3 of the Swamp)
 37237 | D:9      | Identified the cursed +1 short sword "Dragon's Tongue"
                  | {drain, rElec rC+ Int+4} (You found it on level 9 of the
                  | Dungeon)
 37612 | Elf:1    | Entered Level 1 of the Elven Halls
 37612 | Elf:1    | Found a runed gate.
 37612 | Elf:1    | Found a runed gate.
 37612 | Elf:1    | Found a runed gate.
 37612 | Elf:1    | Found a runed gate.
 37612 | Elf:1    | Found a runed gate.
 37612 | Elf:1    | Found a runed gate.
 37614 | Elf:1    | Found a runed door.
 37777 | Elf:1    | Found a runed door.
 38169 | Elf:1    | Cast into level 1 of the Abyss (a deep elf sorcerer)
 38259 | Elf:1    | Escaped the Abyss
 38484 | Elf:1    | Found Hegrant's General Store.
 38488 | Elf:1    | Found Ygepp's Gadget Emporium.
 38488 | Elf:1    | Found Zucocs's Assorted Antiques.
 38493 | Elf:1    | Found Etemou's Food Shoppe.
 38502 | Elf:1    | Bought a scroll of teleportation for 93 gold pieces
 38502 | Elf:1    | Bought a scroll of teleportation for 93 gold pieces
 38932 | Elf:2    | Found Mupod's Assorted Antiques.
 38938 | Elf:2    | Reached skill level 10 in Armour
 39300 | Elf:2    | Reached XP level 20. HP: 157/171 MP: 39/39
 39609 | Elf:2    | Identified the ring "Weusozy" {Ice Dex+4}
 39613 | Elf:2    | Found a runed gate.
 39614 | Elf:2    | Found a runed gate.
 39614 | Elf:2    | Found a runed gate.
 40183 | Elf:2    | Noticed Agnes
 40192 | Elf:2    | Killed Agnes
 41650 | Crypt:1  | Entered Level 1 of the Crypt
 41667 | Crypt:1  | Found a magical portal.
 41755 | WizLab   | Entered The Roulette of Golubria
 41755 | WizLab   | Found a transporter.
 41783 | WizLab   | Found a corrupted altar of Lugonu.
 41827 | WizLab   | Found a corrupted altar of Lugonu.
 41836 | WizLab   | Found a transporter.
 41868 | WizLab   | Found a transporter.
 41880 | WizLab   | Found a transporter.
 41939 | WizLab   | Found a transporter.
 41976 | WizLab   | Found a transporter.
 42186 | WizLab   | Found a transporter.
 42209 | WizLab   | Found a transporter.
 42278 | WizLab   | Found a transporter.
 42278 | WizLab   | Found a transporter.
 42399 | WizLab   | Found a transporter.
 42400 | WizLab   | Identified the cursed +0 cloak "Gaolael" {rC++ Dex-3}
 42403 | WizLab   | Found a transporter.
 42406 | WizLab   | Identified the ring "Idiocoz" {+Fly Slay+3}
 42408 | WizLab   | Identified Dest's Catalogue of Dislocation
 42417 | WizLab   | Identified the -1 cloak of Uwuucim {*Corrode rElec MP+9
                  | Dex+8}
 42700 | WizLab   | Found a transporter.
 42742 | WizLab   | Found a transporter.
 42758 | WizLab   | Identified the cursed +1 ice dragon scales of the Secret
                  | Shrikes {rF- rC++ rCorr Int+4}
 42788 | WizLab   | Found a transporter.
 42856 | WizLab   | Found a transporter.
 42856 | WizLab   | Found a transporter.
 42905 | WizLab   | Found a transporter.
 42994 | WizLab   | Found a transporter.
 42994 | WizLab   | Found a transporter.
 43632 | Crypt:1  | Reached skill level 14 in Spellcasting
 44328 | Crypt:1  | Noticed Aizul
 44345 | Crypt:1  | Killed Aizul
 44855 | Crypt:1  | Learned a level 8 spell: Ignition
 44983 | Crypt:2  | Entered Level 2 of the Crypt
 45002 | Crypt:2  | Reached XP level 21. HP: 160/180 MP: 41/41
 45869 | Crypt:2  | Reached skill level 15 in Invocations
 46813 | Crypt:2  | Noticed a curse toe
 46946 | Crypt:2  | Found a runed translucent door.
 46946 | Crypt:2  | Noticed zoran's ghost (adept GrMo)
 47065 | Crypt:2  | Noticed a curse toe
 47205 | Crypt:2  | Found a basalt altar of Yredelemnul.
 47208 | Crypt:2  | Found an ancient bone altar of Kikubaaqudgha.
 47596 | Crypt:2  | Killed a curse toe
 47999 | Crypt:2  | Killed a curse toe
 48454 | Crypt:2  | Found a staircase to the Tomb.
 48731 | Crypt:2  | Identified the Guide on the Fetching Arsonist
 49202 | Shoals:1 | Entered Level 1 of the Shoals
 49400 | Shoals:1 | Found a runed translucent gate.
 49400 | Shoals:1 | Found a runed translucent gate.
 49402 | Shoals:1 | Found a runed translucent gate.
 49403 | Shoals:1 | Noticed Morbidden's ghost (journeyman FrAc)
 49442 | Shoals:1 | Reached skill level 15 in Spellcasting
 49454 | Shoals:1 | Killed Morbidden's ghost
 49458 | Shoals:1 | Identified the ring of Tuddode {EV+6 Dex+4}
 49479 | Shoals:1 | Found a flickering gateway to a bazaar.
 49501 | Bazaar   | Entered a bazaar
 49501 | Bazaar   | Found Limnyupt's General Store.
 49501 | Bazaar   | Found Cidon's Distillery.
 49520 | Bazaar   | Found Sasayff's Jewellery Boutique.
 49536 | Bazaar   | Found Xoun's Antique Weapon Emporium.
 49549 | Bazaar   | Found Wucathri's Antique Armour Boutique.
 49568 | Bazaar   | Bought a scroll of blinking for 120 gold pieces
 49568 | Bazaar   | Bought a scroll of enchant armour for 120 gold pieces
 49568 | Bazaar   | Bought a potion of heal wounds for 80 gold pieces
 49568 | Bazaar   | Bought a scroll of teleportation for 48 gold pieces
 49581 | Bazaar   | Bought the ring "Unweggen" {Wiz rC- MR+ Int+4 SInv} for 370
                  | gold pieces
 49592 | Bazaar   | Bought a potion of brilliance for 36 gold pieces
 49592 | Bazaar   | Bought a potion of heal wounds for 45 gold pieces
 49592 | Bazaar   | Bought 2 potions of magic for 90 gold pieces
 49592 | Bazaar   | Bought a potion of haste for 90 gold pieces
 49592 | Bazaar   | Bought a potion of heal wounds for 45 gold pieces
 49592 | Bazaar   | Bought a potion of brilliance for 36 gold pieces
 49592 | Bazaar   | Bought a potion of mutation for 72 gold pieces
 49767 | Shoals:1 | Reached XP level 22. HP: 190/190 MP: 11/43
 50677 | Shoals:2 | Found Ihuufel's Armour Boutique.
 50761 | Shoals:2 | Bought the +3 buckler of the Trees {rElec Slay+3} for 461
                  | gold pieces
 50828 | Shoals:2 | Identified the +0 cloak "Ofekenur" {+Inv rElec rC+ Str+2}
                  | (You acquired it on level 2 of the Shoals)
 51345 | Shoals:2 | Found a runed translucent gate.
 51346 | Shoals:2 | Found a runed translucent gate.
 51838 | Shoals:2 | Found a runed translucent gate.
 51838 | Shoals:2 | Noticed zoran's ghost (adept DrCj)
 52160 | Elf:3    | Entered Level 3 of the Elven Halls
 52615 | Elf:3    | Noticed Mara
 52626 | Elf:3    | Killed Mara
 52891 | Elf:3    | Reached skill level 16 in Spellcasting
 53546 | Elf:3    | Identified the +7 great sword of Destruction {speed, rElec}
 53730 | Elf:3    | Identified the cursed +1 mace of Extinguishment {freeze,
                  | rPois rC- Dex+4 SInv}
 54143 | Elf:3    | Identified the +10 fustibalus "Iqo Agruu" {flame, +Blink
                  | Str+3}
 54145 | Elf:3    | Identified the Collected Works on the Shifting Snowflakes
 54248 | Elf:3    | Identified the Almanac of Necromancy and Calling
 54611 | Orc      | Bought a potion of curing for 45 gold pieces
 54611 | Orc      | Bought a potion of heal wounds for 90 gold pieces
 54611 | Orc      | Bought a potion of curing for 45 gold pieces
 54611 | Orc      | Bought a potion of curing for 45 gold pieces
 54876 | Slime:1  | Entered Level 1 of the Pits of Slime
 55129 | Slime:2  | Reached skill level 17 in Spellcasting
 55220 | Slime:2  | Reached XP level 23. HP: 196/196 MP: 27/46
 55545 | Slime:4  | Noticed Dissolution
 55552 | Slime:4  | Killed Dissolution
 55842 | Slime:5  | Entered Level 5 of the Pits of Slime
 55997 | Slime:5  | Noticed the Royal Jelly
 56003 | Slime:5  | Killed the Royal Jelly
 56120 | Slime:5  | Identified the amulet "Cuituw" {Spirit Dex+4}
 56127 | Slime:5  | Identified the amulet "Ziotwas" {Reflect Str+3 Int+4 SH+4}
 56133 | Slime:5  | Identified Kikubaaqudgha's Volume of Unholy Arts
 56135 | Slime:5  | Got a slimy rune of Zot
 56160 | Slime:5  | Identified the ring "Wiotorch" {*Slow rPois MR++ Int+3
                  | Slay-6}
 56207 | Slime:5  | Identified the +6 whip "Xux Vof" {holy, Str+2}
 56214 | Slime:5  | Identified the ring of Laka {Ice rElec MP-9 Dex-5 SInv}
 56417 | Slime:5  | Learned a level 8 spell: Chain Lightning
 56555 | Shoals:3 | Entered Level 3 of the Shoals
 57287 | Shoals:3 | Identified the +1 ring mail of the Beginning {rElec Int+4
                  | Slay+3}
 57292 | Shoals:3 | Identified the +1 dagger of Misery {flame, rN+ Dex+2}
 57615 | Shoals:3 | Reached XP level 24. HP: 200/205 MP: 10/46
 57752 | Shoals:3 | Got a barnacled rune of Zot
 57795 | Shoals:3 | Reached skill level 18 in Spellcasting
 58031 | Shoals:3 | Identified the Incunabulum of Quantum Feathers
 58383 | Shoals:2 | Killed zoran's ghost
 58442 | Shoals:2 | Identified the ring "Zuuw" {rN+ Int+2}
 58517 | Lair:4   | Learned a level 8 spell: Glaciate
 58877 | Vaults:3 | Entered Level 3 of the Vaults
 58879 | Vaults:3 | Reached skill level 15 in Fighting
 58879 | Vaults:3 | Reached skill level 5 in Throwing
 58994 | Vaults:3 | Noticed Xtahua
 59004 | Vaults:3 | HP: 10/207 [Xtahua/great blast of fire (31)]
 59008 | Vaults:3 | Killed from afar by a tengu reaver

Skill      XL: |  1  2  3  4  5  6  7  8  9 10 11 12 13 14 15 16 17 18 19 20 21 22 23 24 |
---------------+-------------------------------------------------------------------------+-----
Fighting       | 3 4 5 6 7 8 9 10 11 12 13 14 15 | 15.4
Spellcasting   | 3 4 5 6 7 8 9 10 11 12 13 14 15 17 18 | 18.0
Dodging        | 2 3 5 6 7 8 9 10 11 12 13 14 | 14.4
Maces & Flails | 4 6 8 9 11 12 13 14 15 16 | 16.9
Invocations    | 1 4 5 7 8 9 10 11 12 13 14 15 16 17 | 17.0
Shields        | 2 4 5 6 7 8 9 |  9.4
Armour         | 2 4 5 6 7 8 9 10 11 12 | 12.8
Throwing       | 4 6 |  6.2
Conjurations   | | 18.0
Hexes          | | 18.0
Charms         | | 18.0
Summonings     | | 18.0
Necromancy     | | 18.0
Translocations | | 18.0
Transmutations | | 18.0
Fire Magic     | | 18.0
Ice Magic      | | 18.0
Air Magic      | | 18.0
Earth Magic    | | 18.0
Poison Magic   | | 18.0

Action                   |  1- 3 |  4- 6 |  7- 9 | 10-12 | 13-15 | 16-18 | 19-21 | 22-24 || total
-------------------------+-------+-------+-------+-------+-------+-------+-------+-------++-------
Melee: Dagger            |    20 |       |       |       |       |       |       |       ||    20
       Headbutt          |     8 |    18 |    21 |    90 |   186 |   204 |   149 |    59 ||   735
       Bite              |     5 |     4 |    14 |    37 |   100 |   130 |    91 |    33 ||   414
       Falchion          |    22 |   117 |    41 |       |       |       |       |       ||   180
       Morningstar       |       |       |   144 |   364 |   808 |   912 |   774 |    60 ||  3062
       Staff             |       |       |       |       |       |       |    12 |       ||    12
       Eveningstar       |       |       |       |       |       |       |       |   252 ||   252
Throw: Javelin           |     9 |       |       |       |       |    13 |       |       ||    22
       Tomahawk          |       |       |       |       |       |       |    10 |    55 ||    65
 Cast: Poisonous Vapours |    41 |    53 |     8 |    18 |     8 |     9 |       |       ||   137
       Confuse           |       |    15 |    18 |       |     1 |     3 |     8 |       ||    45
       Blink Other       |       |       |     1 |       |       |     1 |     1 |       ||     3
       Agony             |       |       |       |     6 |    61 |    85 |    37 |    19 ||   208
       Passage of Golubr |       |       |       |     1 |     3 |     5 |     2 |       ||    11
       Lee's Rapid Decon |       |       |       |       |   120 |    70 |   234 |    47 ||   471
       Metabolic Englaci |       |       |       |       |    18 |     5 |     1 |       ||    24
       Blink             |       |       |       |       |     2 |     4 |     2 |     1 ||     9
       Iron Shot         |       |       |       |       |       |       |   144 |    49 ||   193
       Apportation       |       |       |       |       |       |       |     2 |     1 ||     3
       Freezing Cloud    |       |       |       |       |       |       |     2 |       ||     2
       Ignition          |       |       |       |       |       |       |    10 |   129 ||   139
Invok: Line Pass         |       |       |       |     4 |       |       |       |       ||     4
       Lunge             |       |       |       |     9 |    29 |    39 |    21 |    14 ||   112
       Stomp             |       |       |       |     5 |     9 |     7 |     1 |       ||    22
       Grand Finale      |       |       |       |       |       |       |     3 |     3 ||     6
 Abil: Evoke Flight      |       |       |       |     1 |       |       |       |       ||     1
Evoke: Wand              |       |       |       |       |     1 |     2 |       |       ||     3
       Lamp of fire      |       |       |       |       |       |     1 |       |       ||     1
  Use: Scroll            |       |     3 |     4 |     9 |    12 |    11 |     7 |     8 ||    54
       Potion            |       |     2 |       |       |       |     2 |     3 |     1 ||     8
 Stab: Paralysed         |       |       |       |    14 |    27 |    48 |    17 |     5 ||   111
       Sleeping          |       |       |       |     1 |     1 |       |       |       ||     2
       Distracted        |       |       |       |       |     1 |       |       |       ||     1
       Confused          |       |       |       |       |       |       |     2 |       ||     2
  Eat: Chunk             |     5 |    13 |    18 |    30 |    66 |    55 |    46 |    36 ||   269
       Ration            |       |       |     1 |     1 |     4 |     5 |    12 |     4 ||    27
Armor: Animal skin       |     6 |     5 |       |       |       |       |       |       ||    11
       Leather armour    |       |    23 |    44 |    57 |    44 |    47 |       |       ||   215
       Robe              |       |       |       |       |   142 |       |       |       ||   142
       Scale mail        |       |       |       |       |     4 |    24 |       |       ||    28
       Fire dragon scale |       |       |       |       |       |   182 |       |       ||   182
       Swamp dragon scal |       |       |       |       |       |       |    24 |       ||    24
       Ring mail         |       |       |       |       |       |       |   206 |    51 ||   257
       Ice dragon scales |       |       |       |       |       |       |     7 |    85 ||    92
Dodge: Dodged            |    32 |    87 |   174 |   252 |   354 |   405 |   411 |   126 ||  1841
Block: Buckler           |       |       |       |    77 |   173 |       |   391 |   147 ||   788
       Reflection        |       |       |       |       |    16 |    37 |    29 |    29 ||   111
       Medium shield     |       |       |       |       |   221 |   650 |     6 |       ||   877
